 Dungeon Crawl Stone Soup version 0.25-a0-364-ge76b031 (webtiles) character file.

Game seed: 6867640555482118155, levelgen mode: deterministic

29 Birdy the Insei (level 3, -5/18 HPs)
             Began as a Vine Stalker Gladiator on Jan 4, 2020.
             Slain by a gnoll
             ... wielding a +0 flail
              (9 damage)
             ... on level 1 of the Dungeon.
             The game lasted 00:01:32 (1373 turns).

Birdy the Insei (Vine Stalker Gladiator)            Turns: 1373, Time: 00:01:33

Health: -5/18      AC:  4    Str: 16    XL:     3   Next: 16%
Magic:  0/5        EV: 13    Int: 10    God:
Gold:   79         SH:  0    Dex: 16    Spells: 3/3 levels left

rFire    . . .     SeeInvis +     - Unarmed
rCold    . . .     Gourm    .   (no shield)
rNeg     . . .     Faith    .   a - +0 leather armour
rPois    .         Spirit   +   b - +0 helmet
rElec    .         Reflect  .   (no cloak)
rCorr    .         Harm     .   (no gloves)
MR       .....                  (no boots)
Stlth    ++........             (no amulet)
HPRegen  0.06/turn              f - ring of see invisible
MPRegen  0.09/turn              l - +2 ring of intelligence

@: no status effects
A: fangs 2, magic shield, antimagic bite, no potion heal 3, rot immunity
a: no special abilities


You were on level 1 of the Dungeon.
You were not hungry.

You visited 1 branch of the dungeon, and saw 2 of its levels.

You collected 79 gold pieces.

Inventory:

Missiles
 c - 3 throwing nets (quivered)
Armour
 a - a +0 leather armour (worn)
 b - a +0 helmet (worn)
Jewellery
 f - a ring of see invisible (left hand)
 l - a +2 ring of intelligence (right hand)
Potions
 j - a potion of curing
Comestibles
 d - 2 rations


   Skills:
 + Level 2.0 Fighting
 + Level 2.1 Throwing
 + Level 2.5 Dodging
 + Level 1.1 Stealth
 + Level 3.2 Unarmed Combat
 + Level 0.9 Spellcasting


You had 3 spell levels left.
You didn't know any spells.
Your spell library was empty.

Dungeon Overview and Level Annotations

Branches:
Dungeon (2/15)

Altars:


Innate Abilities, Weirdness & Mutations

You have extremely sharp teeth.
When hurt, damage is shared between your health and your magic reserves.
Your bite disrupts and absorbs the magic of your enemies.
Potions cannot restore your health.
You are immune to rotting.


Message History

The gnoll completely misses you.
The gnoll hits you from afar with a +0 spear!
You climb upwards.
There is a stone staircase leading down here.
You barely miss the gnoll. The gnoll misses you.
You hit the gnoll.
The gnoll is lightly wounded.
The gnoll hits you with a +0 flail.
You hit the gnoll. You bite the gnoll. You drain its power.
You feel invigorated.
The gnoll is moderately wounded.
The gnoll hits you with a +0 flail.
* * * LOW HITPOINT WARNING * * *
You barely miss the gnoll.
The gnoll is moderately wounded.
You closely miss the gnoll. You bite the gnoll, but do no damage.
The gnoll is moderately wounded.
The gnoll hits you with a +0 flail!
Ouch! That really hurt!
You die...

..#######......#...##.# #.#.
............###....##.# #.#.
##.......###......###.# #.##
..#######.......### #.# #.#
............##### #.# #.##
#####.####### #.# #... #####.#
#.# #######.# ####
......###.#####.......######
#...............@...####>..#
#.###.#.#..##..g÷...## #.#.#
.#.##.#.#..##........# #.#.#
###...#..#.##........###.#.#
.#.##...###..............#.######
#.###.##.#.##........#####.......
..##..###.........#..# ######.#
####..###.###.#...#..# #.# #
#......###.#...#..# #.#


You could see a gnoll.

Vanquished Creatures
  A gnoll (D:1)
  A dart slug (D:1)
  A leopard gecko (D:1)
  A ball python (D:2)
  2 goblins
  2 hobgoblins (D:1)
  2 jackals (D:1)
  A frilled lizard (D:1)
  3 kobolds
  2 rats
16 creatures vanquished.

Notes
Turn   | Place    | Note
-------+----------+-------------------------------------------
     0 | D:1      | Birdy the Vine Stalker Gladiator began the quest for the
                  | Orb.
     0 | D:1      | Reached XP level 1. HP: 11/11 MP: 2/2
   658 | D:1      | Reached XP level 2. HP: 15/15 MP: 3/3
  1105 | D:1      | Reached skill level 1 in Stealth
  1105 | D:1      | Reached XP level 3. HP: 2/18 MP: 2/5
  1373 | D:1      | Slain by a gnoll

Levels and vault maps discovered:
D:1:      dpeg_arrival_oval, layout_loops_ring, serial_park_tiny_pond,
          minmay_crystal_water
D:2:      layout_loops_ring

Skill      XL: |  1  2 |
---------------+-------+-----
Throwing       | 2 |  2.1
Fighting       | 2 |  2.0
Stealth        | 1 |  1.1
Dodging        | |  2.5
Unarmed Combat | |  3.2
Spellcasting   | |  0.9

Action                   || total
-------------------------++-------
Melee: Unarmed           ||    75
       Bite              ||    13
  Use: Scroll            ||     5
       Potion            ||     1
  Eat: Chunk             ||     1
Armor: Leather armour    ||    17
Dodge: Dodged            ||    52

Table legend:
 A = Non-vault XP
 B = Vault XP
 C = Vault XP percentage of total XP
 D = Non-vault monster count
 E = Vault monster count
 F = Vault count percentage of total count
                 A         B        C        D         E       F
            +---------+---------+-------+---------+---------+-------
      Total |      42 |       0 |   0.0 |      16 |       0 |   0.0
            +---------+---------+-------+---------+---------+-------
        D:1 |      35 |       0 |   0.0 |      12 |       0 |   0.0
        D:2 |       7 |       0 |   0.0 |       4 |       0 |   0.0
            +---------+---------+-------+---------+---------+-------
